[Event "Titled Tuesday Blitz March 22 Late 2022"]
[White "Paravyan, David"]
[Black "Aravindh, Chithambaram VR."]
[WhiteFideId "4194985"]
[BlackFideId "5072786"]
[WhiteElo "2569"]
[BlackElo "2561"]
[Result "0-1"]
[Round "10"]
[TimeControl "180+1"]
[Date "2022.03.22"]
[WhiteClock "0:00:06"]
[BlackClock "0:00:05"]

1. e4 g6 2. d4 Bg7 3. Nc3 d6 4. Bg5 a6 5. a4 b6 6. Nf3 Bb7 7. Bc4 Nd7 8. Qe2 h6 9. Bh4 g5 10. Bg3 e6 11. Rd1 Ne7 12. h4 g4 13. Nh2 h5 14. f3 Nc6 15. Qe3 Qf6 16. Ne2 O-O-O 17. O-O Qe7 18. Qd3 Kb8 19. c3 Ka7 20. b4 Bf6 21. b5 Na5 22. bxa6 Bc8 23. Bb5 Bxh4 24. Bxh4 Qxh4 25. fxg4 hxg4 26. Qg3 Qe7 27. Qf4 Rh7 28. Nxg4 Rdh8 29. Ng3 Rh4 30. Be2 Bxa6 31. Qxf7 Qxf7 32. Rxf7 Bxe2 33. Nxe2 Rh1+ 34. Kf2 Rxd1 35. Rxd7 Kb7 36. Nf4 Rf8 37. g3 Nc4 38. Ke2 Rd2+ 39. Ke1 Rh8 40. Nf2 Rh2 41. N4d3 Ra2 42. Rf7 Rxa4 43. Ke2 Ra2+ 44. Kf3 b5 45. Kg4 b4 46. cxb4 Ne3+ 47. Kf3 Nc2 48. Kg4 Nxd4 49. Nh3 Nc6 50. Nhf4 Rad2 51. b5 Nd4 52. e5 Kb6 53. exd6 cxd6 54. Rf6 e5 55. Nxe5 Kc5 56. Nd7+ Kxb5 57. Rxd6 Nb3 58. Rb6+ Kc4 59. Ne5+ Kc3 60. Nf3 Nd4 61. Nxd2 Rxd2 62. Rb8 Rd1 63. Rd8 Rg1 64. Rd7 Kc4 65. Rc7+ Kb3 66. Kh3 Nc2 67. Nd3 Ne3 68. Nc5+ Kb4 69. Kh4 Rh1+ 70. Kg5 Rg1 71. Kf4 Nd5+ 72. Kf3 Nxc7 73. Ne4 Kc4 74. Nd2+ Kd3 75. Ne4 Ne6 76. Nf2+ Kd4 77. Nh3 Ra1 78. Nf2 Ra3+ 79. Kg4 Ke5 80. Kh4 Ra4+ 81. Kh3 Ng5+ 82. Kg2 Ra2 83. Kf1 Ne4 84. Nd3+ Kd4 85. Nf4 Nxg3+ 86. Kg1 Ne2+ 0-1


[Site "https://www.chess.com"]

[Event "Titled Tuesday Blitz March 22 Late 2022"]
[White "Piesik, Piotr"]
[Black "Petrova, Irina"]
[WhiteFideId "1136194"]
[BlackFideId "14124122"]
[WhiteElo "2190"]
[BlackElo "1993"]
[Result "1-0"]
[Round "10"]
[TimeControl "180+1"]
[Date "2022.03.22"]
[WhiteClock "0:01:37"]
[BlackClock "0:00:15"]

1. Nf3 d6 2. d4 g6 3. g3 Bg7 4. Bg2 Nf6 5. O-O O-O 6. Nbd2 Nc6 7. e4 e5 8. dxe5 Nxe5 9. Nxe5 dxe5 10. Qe2 c6 11. a4 Qe7 12. b3 Rd8 13. Bb2 Ne8 14. Nc4 Qc7 15. Rfd1 Be6 16. Bf1 f6 17. Ne3 Bf8 18. Qf3 Be7 19. Bc4 Bxc4 20. Nxc4 Rxd1+ 21. Rxd1 Rd8 22. Rd3 Nd6 23. Ne3 Nf7 24. Qd1 Rxd3 25. Qxd3 Qd8 26. Qc4 Kg7 27. h4 h5 28. Bc3 Qd7 29. Kg2 Qd8 30. Qe6 Nd6 31. Kf3 Nf7 32. Ke2 Qd6 33. Qc8 Nd8 34. Nc4 Qe6 35. Qc7 Qg4+ 36. f3 Qe6 37. Bb4 Kf8 38. Qxd8+ Kf7 39. Qxe7+ Qxe7 40. Bxe7 Kxe7 41. Na5 1-0


[Site "https://www.chess.com"]

[Event "Titled Tuesday Blitz March 22 Late 2022"]
[White "Piliczewski, Bogusz"]
[Black "Bernal Moro, Luis Javier"]
[WhiteFideId "1104144"]
[BlackFideId "2200236"]
[WhiteElo "1896"]
[BlackElo "2373"]
[Result "0-1"]
[Round "10"]
[TimeControl "180+1"]
[Date "2022.03.22"]
[WhiteClock "0:00:01"]
[BlackClock "0:00:14"]

1. d4 Nf6 2. Bf4 g6 3. e3 Bg7 4. Nf3 O-O 5. Be2 d6 6. h3 c5 7. O-O Qb6 8. Qc1 Nc6 9. c3 Bf5 10. Nbd2 Rfc8 11. Nc4 Qd8 12. dxc5 dxc5 13. Rd1 Qe8 14. Nce5 Nxe5 15. Bxe5 Qa4 16. b3 Qc6 17. c4 Rd8 18. Qc3 Ne4 19. Qb2 f6 20. Bc3 Nxc3 21. Qxc3 Be4 22. Rxd8+ Rxd8 23. Rd1 Rxd1+ 24. Bxd1 f5 25. Qd2 Qd6 26. Qxd6 exd6 27. Nd2 Bc6 28. Kf1 Kf7 29. f3 Ke6 30. Ke2 b5 31. Kd3 a6 32. Be2 g5 33. e4 f4 34. Nb1 b4 35. a3 a5 36. axb4 cxb4 37. Nd2 Kd7 38. Bd1 Kc7 39. Nf1 Kb6 40. g3 Be5 41. g4 Kc5 42. Nd2 Bc3 43. Nb1 Bd4 44. Bc2 Be3 45. Bd1 Bd7 46. Bc2 Be6 47. Bd1 a4 48. bxa4 Bxc4+ 49. Kc2 b3+ 50. Kb2 Kb4 51. a5 Bd4+ 52. Kc1 Kxa5 53. Nd2 Be3 54. Kb2 Bxd2 55. Bxb3 Kb5 56. Bd1 Kc5 57. Kc2 Be3 58. Kc3 Bd4+ 59. Kd2 Be5 60. Ke1 Kd4 61. Kf2 d5 62. exd5 Bxd5 63. Bc2 h6 64. Bg6 Kc3 65. Bf5 Bd4+ 66. Ke2 Bc4+ 67. Ke1 Bd3 68. Bd7 Bg6 69. Bb5 Bd3 70. Bd7 Bg1 71. Be6 Bh2 72. Kf2 Kd2 73. Bd5 Bg3+ 74. Kg2 Ke1 75. Bc6 Bf1+ 76. Kg1 Bxh3 77. Bd5 Bf1 78. Bc6 Be2 79. Be4 Bf2+ 80. Kg2 Bf1+ 0-1


[Site "https://www.chess.com"]

[Event "Titled Tuesday Blitz March 22 Late 2022"]
[White "Prohorov, Olexandr"]
[Black "Ezat, Mohamed"]
[WhiteFideId "14105578"]
[BlackFideId "10600906"]
[WhiteElo "1993"]
[BlackElo "2386"]
[Result "0-1"]
[Round "10"]
[TimeControl "180+1"]
[Date "2022.03.22"]
[WhiteClock "0:01:00"]
[BlackClock "0:02:04"]

1. e4 c5 2. c3 d5 3. exd5 Qxd5 4. d4 Nc6 5. Nf3 Bg4 6. Be2 cxd4 7. cxd4 e5 8. Nc3 Bb4 9. O-O Bxc3 10. bxc3 exd4 11. cxd4 Nge7 12. h3 Bh5 13. Rb1 O-O 14. Rb5 Bxf3 15. Bxf3 Qxb5 16. d5 Rad8 17. a4 Qc4 18. Ba3 Rfe8 19. d6 Nf5 20. d7 Re5 21. Bb2 Re7 22. Bg4 Rdxd7 23. Qb1 Ncd4 24. Bxf5 Nxf5 25. Qxf5 Qxf1+ 26. Kh2 Qa6 27. Qg5 Qg6 28. Qf4 h6 29. Qb8+ Kh7 30. Qf8 Re2 0-1


[Site "https://www.chess.com"]

[Event "Titled Tuesday Blitz March 22 Late 2022"]
[White "Przybylski, Wojciech"]
[Black "Daianu, Cristian-Clement"]
[WhiteFideId "1117599"]
[BlackFideId "1208926"]
[WhiteElo "2537"]
[BlackElo "2400"]
[Result "1-0"]
[Round "10"]
[TimeControl "180+1"]
[Date "2022.03.22"]
[WhiteClock "0:00:24"]
[BlackClock "0:00:33"]

1. d4 f5 2. Nf3 e6 3. g4 fxg4 4. Ne5 Nf6 5. e4 Nc6 6. Nxc6 bxc6 7. e5 Nd5 8. Qxg4 g6 9. Bd3 Qe7 10. a3 a5 11. c4 Ba6 12. Bg5 Qf7 13. Nd2 Be7 14. Ne4 O-O-O 15. O-O-O Bxg5+ 16. Nxg5 Qf4+ 17. Qxf4 Nxf4 18. Nf7 Nxd3+ 19. Rxd3 Bxc4 20. Rd2 Rhf8 21. Nxd8 Kxd8 22. Rg1 Ke7 23. Rg3 Bd5 24. b3 Rb8 25. Kc2 Be4+ 26. Kc3 Bd5 27. Rb2 Rf8 28. Kd3 d6 29. Re3 Rf4 30. h3 c5 31. dxc5 dxc5 32. Rc2 Bxb3 33. Rxc5 Kd7 34. Ke2 a4 35. Rec3 c6 36. Rxc6 Re4+ 37. Kd3 Rxe5 38. Rc7+ Kd6 39. R3c6+ Kd5 40. Rc5+ Kd6 41. Rxe5 Kxc7 42. Kd4 Kd6 43. h4 Ke7 44. Ra5 Kf6 45. f4 h6 46. Ke4 Bc2+ 47. Kd4 Bd1 48. Rc5 Bb3 49. Re5 Bc2 50. Rb5 Bd1 51. Kc3 Bb3 52. h5 g5 53. fxg5+ hxg5 54. h6 g4 55. Rg5 1-0


[Site "https://www.chess.com"]

[Event "Titled Tuesday Blitz March 22 Late 2022"]
[White "Rastbod, Ali"]
[Black "Ozates, Tuna"]
[WhiteFideId "12567477"]
[BlackFideId "6354521"]
[WhiteElo "2200"]
[BlackElo "1887"]
[Result "1-0"]
[Round "10"]
[TimeControl "180+1"]
[Date "2022.03.22"]
[WhiteClock "0:00:14"]
[BlackClock "0:00:04"]

1. c4 c5 2. Nc3 Nc6 3. g3 g6 4. Bg2 Bg7 5. e3 e5 6. Nge2 Nge7 7. O-O O-O 8. a3 a5 9. d3 d6 10. Bd2 Be6 11. Nd5 Rb8 12. Nec3 Qd7 13. Rb1 Bh3 14. Bxh3 Qxh3 15. b4 axb4 16. axb4 Nxd5 17. Nxd5 cxb4 18. Bxb4 Nxb4 19. Rxb4 f5 20. Qf3 Rf7 21. Qg2 Qh5 22. Rfb1 Qe2 23. Qf1 Qf3 24. Qd1 Qxd1+ 25. Rxd1 Kf8 26. Rdb1 Ke8 27. f4 exf4 28. gxf4 h6 29. h4 Kd8 30. Kg2 Rd7 31. Kf3 Ke8 32. e4 fxe4+ 33. dxe4 Kf7 34. Rb6 Bd4 35. R6b5 Ke6 36. f5+ gxf5 37. exf5+ Kf7 38. Nf4 Be5 39. Ne6 Rc8 40. R1b4 Kf6 41. Ke4 Rg8 42. Rxb7 Rxb7 43. Rxb7 Rg4+ 44. Kd5 Rxh4 45. Rb8 Rh1 46. Rf8+ Ke7 47. Ra8 Rd1+ 48. Kc6 Rc1 49. Kd5 Rd1+ 50. Ke4 Re1+ 51. Kf3 Kf6 52. Kg4 Rg1+ 53. Kf3 Kxf5 54. Nc7 Rg3+ 55. Ke2 Rc3 56. Nd5 Rc2+ 57. Kd3 Rc1 58. Rf8+ Ke6 59. Re8+ Kd7 60. Re7+ Kc6 61. Rc7# 1-0


[Site "https://www.chess.com"]

[Event "Titled Tuesday Blitz March 22 Late 2022"]
[White "Reprintsev, Alexander"]
[Black "Wieczorek, Oskar"]
[WhiteFideId "14100541"]
[BlackFideId "1133950"]
[WhiteElo "2108"]
[BlackElo "2319"]
[Result "1-0"]
[Round "10"]
[TimeControl "180+1"]
[Date "2022.03.22"]
[WhiteClock "0:00:42"]
[BlackClock "0:00:09"]

1. e4 c5 2. b3 g6 3. Bb2 Nf6 4. e5 Nd5 5. Nc3 Nxc3 6. dxc3 Bg7 7. Qd5 d6 8. Nf3 O-O 9. O-O-O Nc6 10. exd6 exd6 11. Qxd6 Qa5 12. Bc4 Bg4 13. Rd5 Qxa2 14. Nd2 Be6 15. Rxc5 Rad8 16. Qf4 Bxc4 17. Rxc4 Be5 18. Qe3 Rxd2 19. Qxd2 1-0


[Site "https://www.chess.com"]

[Event "Titled Tuesday Blitz March 22 Late 2022"]
[White "Rosen, Eric"]
[Black "Mekhitarian, Krikor Sevag"]
[WhiteFideId "2032562"]
[BlackFideId "2107660"]
[WhiteElo "2362"]
[BlackElo "2598"]
[Result "0-1"]
[Round "10"]
[TimeControl "180+1"]
[Date "2022.03.22"]
[WhiteClock "0:00:01"]
[BlackClock "0:00:04"]

1. d4 Nf6 2. Bf4 c5 3. e3 g6 4. c3 Bg7 5. Nd2 d6 6. Bc4 O-O 7. Ngf3 Nc6 8. dxc5 dxc5 9. O-O Nd5 10. Bg3 Nb6 11. Bb5 Nb8 12. Qc2 a6 13. Be2 Be6 14. Rfd1 Qc8 15. Ng5 Bf5 16. e4 Bd7 17. a4 h6 18. Ngf3 Be6 19. a5 N6d7 20. Bc4 Bxc4 21. Nxc4 Nc6 22. Rd2 Ra7 23. Rad1 Nf6 24. e5 Nh5 25. Qe4 Qe6 26. b3 f5 27. Qe2 f4 28. Bh4 g5 29. Nxg5 hxg5 30. Qxh5 gxh4 31. Re1 Raa8 32. Qxh4 f3 33. Rd3 Rad8 34. Rde3 Qg6 35. Qg3 Qxg3 36. hxg3 fxg2 37. Kxg2 Rd5 38. f4 Rfd8 39. Kf3 Rd3 40. Ke4 Rxe3+ 41. Kxe3 Kf7 42. Rh1 Kg6 43. Ke4 Kf7 44. g4 Rh8 45. Rxh8 Bxh8 46. Kd5 Ke8 47. Kxc5 Kd7 48. Kb6 Kc8 49. g5 Bg7 50. g6 Bf8 51. f5 Bg7 52. b4 Nxe5 53. Ne3 Nd7+ 54. Ka7 Bxc3 55. Nd5 Bd4+ 56. Ka8 Bf6 57. Nxe7+ Bxe7 58. g7 Nf6 59. Ka7 Ng8 60. b5 axb5 61. Kb6 b4 0-1


[Site "https://www.chess.com"]

[Event "Titled Tuesday Blitz March 22 Late 2022"]
[White "Rostovtsev, Dmitry"]
[Black "Kamsky, Gata"]
[WhiteFideId "34278320"]
[BlackFideId "2000024"]
[WhiteElo "2359"]
[BlackElo "2645"]
[Result "1/2-1/2"]
[Round "10"]
[TimeControl "180+1"]
[Date "2022.03.22"]
[WhiteClock "0:00:34"]
[BlackClock "0:00:29"]

1. e4 c6 2. d4 d5 3. Nc3 g6 4. Nf3 Bg4 5. h3 Bxf3 6. Qxf3 e6 7. Bd3 Nf6 8. Bg5 Be7 9. O-O-O dxe4 10. Nxe4 Nxe4 11. Bxe7 Qxe7 12. Qxe4 Nd7 13. Kb1 O-O-O 14. c3 Kb8 15. Rhe1 Ka8 16. Bc2 Qd6 17. Qf3 Rhf8 18. Bb3 Nb6 19. Qe3 h5 20. Qf3 Nd5 21. Bxd5 cxd5 22. g4 hxg4 23. hxg4 b5 24. a3 a5 25. Rh1 Rd7 26. Rh7 Rb7 27. Qg3 Qb6 28. Rd3 Rc8 29. Qf4 Rcc7 30. Rh8+ Ka7 31. g5 Qc6 32. Rg8 Qc4 33. Qd2 Rb8 34. Rxb8 Kxb8 35. Qd1 Kb7 36. Re3 Kb6 37. Qe2 Qxe2 38. Rxe2 Rc8 39. Re3 Rh8 40. Rf3 Rh7 41. a4 bxa4 42. Ka2 Kb5 43. Ka3 Rh1 44. Ka2 Rh7 45. Ka3 Rh1 46. Ka2 1/2-1/2


[Site "https://www.chess.com"]

[Event "Titled Tuesday Blitz March 22 Late 2022"]
[White "Rozman, Levy"]
[Black "Rolfe, Warrick"]
[WhiteFideId "2039877"]
[BlackFideId "2603802"]
[WhiteElo "2376"]
[BlackElo "2569"]
[Result "1-0"]
[Round "10"]
[TimeControl "180+1"]
[Date "2022.03.22"]
[WhiteClock "0:00:29"]
[BlackClock "0:00:13"]

1. d4 Nf6 2. Bg5 e6 3. Nd2 d5 4. e3 Be7 5. Bd3 Nbd7 6. f4 b6 7. c3 Bb7 8. Bxf6 gxf6 9. e4 dxe4 10. Nxe4 f5 11. Ng3 Bxg2 12. Qe2 Bxh1 13. Nxh1 c6 14. O-O-O Qc7 15. Qe3 O-O-O 16. Nf3 Kb8 17. Nf2 c5 18. Kb1 Nf6 19. Ne5 Nd5 20. Qf3 Bd6 21. Bb5 Bxe5 22. dxe5 Ne7 23. Re1 Rd2 24. Qe3 Rhd8 25. a4 Nc6 26. Nd3 Rxh2 27. Qg3 Rh6 28. Bxc6 Qxc6 29. Qg5 Rxd3 30. Qxh6 Qxa4 31. Qf8+ Kb7 32. Qxf7+ Qd7 33. Qh5 Rd2 34. Qh1+ Ka6 35. Qf1+ Ka5 36. Qc4 Rd1+ 37. Kc2 Rd2+ 38. Kc1 Qa4 39. Qxa4+ Kxa4 40. Kxd2 1-0


[Site "https://www.chess.com"]

[Event "Titled Tuesday Blitz March 22 Late 2022"]
[White "Rudykh, Stepan"]
[Black "Zanette, Edgard Vinicius"]
[WhiteFideId "4180321"]
[BlackFideId "2109263"]
[WhiteElo "2159"]
[BlackElo "2182"]
[Result "1-0"]
[Round "10"]
[TimeControl "180+1"]
[Date "2022.03.22"]
[WhiteClock "0:00:16"]
[BlackClock "0:00:05"]

1. e4 c5 2. Nf3 d6 3. d4 cxd4 4. Nxd4 Nf6 5. Nc3 a6 6. Be3 e5 7. Nb3 Be7 8. h3 O-O 9. g4 Be6 10. g5 Nfd7 11. h4 Nc6 12. Qf3 f5 13. gxf6 Nxf6 14. Bh3 Ng4 15. Qg3 h5 16. Bxg4 Bxg4 17. Nd5 Rf3 18. Qh2 Rh3 19. Qg1 Rxh1 20. Qxh1 Bxh4 21. Kd2 Bg5 22. Rg1 Bxe3+ 23. Nxe3 Nd4 24. Nxg4 Nxb3+ 25. axb3 hxg4 26. Rxg4 Qa5+ 27. c3 Rf8 28. Qg2 Rf7 29. Rg6 Qb6 30. f3 Qxb3 31. Kc1 Qa2 32. Rxd6 Qa1+ 33. Kc2 Qa4+ 34. Kb1 Qe8 35. Qg5 Re7 36. Qf5 Rf7 37. Qg5 Re7 38. Rd5 b5 39. Qf5 Re6 40. Rc5 Qd7 41. Kc2 1-0


[Site "https://www.chess.com"]

[Event "Titled Tuesday Blitz March 22 Late 2022"]
[White "Rustemov, Alexander"]
[Black "Taboas Rodriguez, Daniel"]
[WhiteFideId "4119002"]
[BlackFideId "2208466"]
[WhiteElo "2789"]
[BlackElo "2429"]
[Result "1-0"]
[Round "10"]
[TimeControl "180+1"]
[Date "2022.03.22"]
[WhiteClock "0:00:41"]
[BlackClock "0:00:56"]

1. d4 Nf6 2. c4 g6 3. Nf3 Bg7 4. g3 b6 5. Bg2 Bb7 6. O-O O-O 7. d5 Na6 8. Nc3 Nc5 9. Nd4 e5 10. Nb3 d6 11. e4 Nxb3 12. Qxb3 Nh5 13. f3 f5 14. Qc2 a5 15. Bd2 f4 16. g4 Nf6 17. h4 Nd7 18. Be1 Bf6 19. g5 Be7 20. Bh3 h6 21. Qg2 hxg5 22. hxg5 Bc8 23. Kf2 Kg7 24. Rg1 Rh8 25. Ke2 Nc5 26. Bxc8 Qxc8 27. Bf2 Qh3 28. Qxh3 Rxh3 29. Rg2 Rah8 30. Rag1 Kf7 31. Nb5 Bd8 32. b3 Ke7 33. Bxc5 bxc5 34. Rf1 Kd7 35. Kd3 R8h5 36. Ke2 Rh2 37. Rff2 Rxg2 38. Rxg2 Rxg5 39. Rxg5 Bxg5 40. Na7 Bh4 41. Nc6 a4 42. bxa4 Kc8 43. Na7+ Kb7 44. Nb5 Kb6 45. a5+ Kxa5 46. Nxc7 Kb4 47. Kd3 Ka3 48. Nb5+ Kxa2 49. Nxd6 Kb3 50. Nf7 Bf6 51. d6 g5 52. d7 g4 53. fxg4 f3 54. g5 Be7 55. g6 f2 56. Ke2 Kxc4 57. g7 1-0


[Site "https://www.chess.com"]

[Event "Titled Tuesday Blitz March 22 Late 2022"]
[White "Sanal, Vahap"]
[Black "Andreikin, Dmitry"]
[WhiteFideId "6300545"]
[BlackFideId "4158814"]
[WhiteElo "2603"]
[BlackElo "2736"]
[Result "0-1"]
[Round "10"]
[TimeControl "180+1"]
[Date "2022.03.22"]
[WhiteClock "0:00:04"]
[BlackClock "0:00:03"]

1. Nf3 Nf6 2. b3 d5 3. Bb2 Bg4 4. g3 Bxf3 5. exf3 e6 6. Bg2 c5 7. O-O Nc6 8. d3 g6 9. f4 Bg7 10. Nd2 O-O 11. Nf3 b5 12. Ne5 Rc8 13. c4 a6 14. Rc1 Qb6 15. Nxc6 Rxc6 16. Bxf6 Bxf6 17. cxd5 exd5 18. Bxd5 Rd6 19. Be4 Bd4 20. f5 Rf6 21. Qg4 Kh8 22. Kg2 Qd6 23. fxg6 fxg6 24. f4 Qe6 25. Qxe6 Rxe6 26. Rc2 Kg7 27. Re2 Re7 28. Rc2 Kf6 29. g4 Ke6 30. h4 Kd6 31. f5 gxf5 32. Rxf5 Rxf5 33. Bxf5 h6 34. Be4 Rf7 35. g5 hxg5 36. hxg5 Ke5 37. g6 Rf4 38. Kg3 Rf8 39. Kg4 Rf4+ 40. Kg3 Rf8 41. Rh2 Kf6 42. Rh7 Kg5 43. Rd7 Be5+ 44. Kg2 Kf4 45. Bd5 Rf5 46. Be4 Rg5+ 47. Kf2 Bd4+ 48. Ke2 Rg3 49. Rf7+ Ke5 50. Re7+ Kf4 51. Rf7+ Ke5 52. a4 bxa4 53. bxa4 c4 54. Rf5+ Ke6 55. Ra5 Re3+ 56. Kd2 c3+ 57. Kd1 Rg3 58. Rxa6+ Ke5 59. Rc6 Rg1+ 60. Kc2 Ra1 61. g7 Ra2+ 62. Kb3 Rb2+ 63. Ka3 Rb8 64. Rc7 Kd6 65. Rc6+ Kd7 66. Rc4 Bxg7 67. d4 Kd6 68. Rc6+ Kd7 69. Rxc3 Bf8+ 70. Ka2 Rb4 71. Bc6+ Kd6 72. d5 Bg7 73. Rc2 Bd4 74. Ka3 Bc5 75. Ka2 Rb6 76. Rc4 Rb4 77. Rc3 Rd4 78. Kb3 Rb4+ 79. Kc2 Bd4 80. Rd3 Kc5 81. Rf3 Kc4 82. Kd1 Rb2 83. Rh3 Bc3 84. d6 Rd2+ 85. Kc1 Rxd6 86. Be8 Kb4 87. Rh4+ Kb3 88. Bf7+ Ka3 89. Rh3 Kb4 90. Kc2 Rd2+ 91. Kc1 Rf2 92. Rh4+ Ka3 93. Rh3 Kb4 94. a5 Rxf7 95. a6 Bd4 96. Kc2 Kc4 97. Rh2 Ra7 98. Kd2 Rxa6 99. Re2 Ra3 100. Kc2 Ra2+ 101. Kd1 Ra1+ 102. Kc2 Rg1 103. Kd2 Rg5 104. Kc2 Rb5 105. Kd2 Rb6 106. Kc2 Bc3 107. Re4+ Bd4 108. Re2 Ra6 109. Kd2 Ra5 110. Kc2 Ra1 111. Kd2 Rb1 112. Kc2 Rb3 113. Kd2 Rc3 114. Re4 Rd3+ 115. Kc2 Rg3 116. Re2 Be3 117. Kd1 Kc3 118. Rc2+ Kd3 119. Rd2+ Ke4 120. Ra2 Rg1+ 121. Kc2 Bd4 122. Kb3 Kd3 123. Kb4 Rb1+ 124. Ka5 Kc4 125. Rc2+ Bc3+ 126. Ka6 Kd4 127. Rh2 Kd5 128. Rh5+ Be5 129. Ka5 Re1 130. Rg5 Kc5 131. Ka4 Kc4 132. Ka5 Bd4 133. Ka6 Re7 134. Rg7 Rxg7 135. Ka5 Ra7# 0-1


[Site "https://www.chess.com"]

[Event "Titled Tuesday Blitz March 22 Late 2022"]
[White "Sanchez Alvares, Kelvin Antonio"]
[Black "Sliwicki, Damian"]
[WhiteFideId "3906680"]
[BlackFideId "1127128"]
[WhiteElo "2193"]
[BlackElo "2067"]
[Result "1-0"]
[Round "10"]
[TimeControl "180+1"]
[Date "2022.03.22"]
[WhiteClock "0:01:26"]
[BlackClock "0:00:02"]

1. e4 c5 2. Nf3 g6 3. d4 cxd4 4. Nxd4 Nc6 5. c4 Nf6 6. Nc3 Nxd4 7. Qxd4 d6 8. Be3 Bg7 9. f3 O-O 10. Qd2 Be6 11. Rc1 Qa5 12. Nd5 Qxd2+ 13. Kxd2 Bxd5 14. cxd5 Nd7 15. Rc7 Nc5 16. b4 Na4 17. Bb5 Nb2 18. Rxb7 a6 19. Bc6 Nc4+ 20. Ke2 Nxe3 21. Kxe3 Rab8 22. Rxb8 Rxb8 23. Rb1 f5 24. exf5 gxf5 25. a4 Kf7 26. b5 e5 27. bxa6 f4+ 28. Ke2 Rxb1 29. a7 Rb2+ 30. Kd1 e4 31. a8=Q Rb1+ 32. Kc2 Rb2+ 33. Kc1 e3 34. Qe8+ Kf6 35. Kxb2 Kg5+ 36. Kc2 Be5 37. Kd3 1-0


[Site "https://www.chess.com"]

[Event "Titled Tuesday Blitz March 22 Late 2022"]
[White "Sanchez, Robert"]
[Black "Avazkhonov, Alikhon"]
[WhiteFideId "2034360"]
[BlackFideId "14208504"]
[WhiteElo "2255"]
[BlackElo "1739"]
[Result "0-1"]
[Round "10"]
[TimeControl "180+1"]
[Date "2022.03.22"]
[WhiteClock "0:02:58"]
[BlackClock "0:02:42"]

1. e4 c5 2. Nf3 d6 3. d4 cxd4 4. Nxd4 Nf6 5. Nc3 a6 6. Be3 e5 7. Nb3 Be6 8. f3 h5 9. Qd2 Nbd7 10. O-O-O b5 11. Nd5 Bxd5 12. exd5 Nb6 13. Bxb6 Qxb6 14. Na5 g6 15. Nc6 Bh6 0-1


[Site "https://www.chess.com"]

[Event "Titled Tuesday Blitz March 22 Late 2022"]
[White "Sarana, Alexey"]
[Black "Matlakov, Maxim"]
[WhiteFideId "24133795"]
[BlackFideId "4168003"]
[WhiteElo "2666"]
[BlackElo "2669"]
[Result "1/2-1/2"]
[Round "10"]
[TimeControl "180+1"]
[Date "2022.03.22"]
[WhiteClock "0:00:02"]
[BlackClock "0:00:14"]

1. d4 Nf6 2. c4 e6 3. Nc3 d5 4. cxd5 exd5 5. Bg5 c6 6. e3 Bd6 7. Bd3 O-O 8. Nge2 Re8 9. Qc2 h6 10. Bf4 a5 11. O-O Bxf4 12. Nxf4 Na6 13. a3 Qd6 14. Qd2 Nc7 15. Rfe1 Ne6 16. Nxe6 Bxe6 17. f3 Bd7 18. Rad1 c5 19. dxc5 Qxc5 20. Bf1 Bc6 21. Qd4 Qe7 22. b4 axb4 23. axb4 Red8 24. Ra1 Bd7 25. Red1 Be6 26. Bd3 Qf8 27. Ne2 Rxa1 28. Rxa1 Ra8 29. Rc1 Rc8 30. Rc3 Rxc3 31. Qxc3 Qa8 32. Kf2 Bd7 33. h4 Qb8 34. Qd4 Qh2 35. Qf4 Qh1 36. Ng1 Be8 37. Bf1 Nh5 38. Qg4 Nf6 39. Qg3 Bd7 40. Qb8+ Kh7 41. Bd3+ g6 42. Qf4 Kg7 43. Bf1 Be6 44. Ne2 Nh5 45. Qd4+ Kh7 46. Ng1 Qh2 47. Ne2 Ng7 48. Qf4 Qh1 49. Ng3 Qh2 50. Ne2 Qh1 51. Ng3 Qh2 52. Bd3 Bh3 53. Bf1 Be6 1/2-1/2


[Site "https://www.chess.com"]

[Event "Titled Tuesday Blitz March 22 Late 2022"]
[White "Szpar, Milosz"]
[Black "Vusatiuk, Vladimir"]
[WhiteFideId "1184989"]
[BlackFideId "14118610"]
[WhiteElo "2742"]
[BlackElo "2447"]
[Result "1-0"]
[Round "10"]
[TimeControl "180+1"]
[Date "2022.03.22"]
[WhiteClock "0:02:36"]
[BlackClock "0:00:06"]

1. e4 c5 2. c3 Nf6 3. e5 Nd5 4. Nf3 Nc6 5. Bc4 Nb6 6. Bb3 d5 7. exd6 exd6 8. O-O Be7 9. d4 O-O 10. h3 Bf5 11. Be3 c4 12. Bc2 Bxc2 13. Qxc2 d5 14. Bf4 Nd7 15. b3 b5 16. a4 a6 17. b4 Nf6 18. Na3 Qb6 19. Rfe1 Ne4 20. Nd2 Bxb4 21. Nxe4 Bxa3 22. Ng5 g6 23. Rxa3 b4 24. Raa1 bxc3 25. Be3 Qb3 26. Rec1 Rab8 27. Qxc3 Qxc3 28. Rxc3 Rb4 29. Nf3 f6 30. Nd2 Rfb8 31. Kf1 Rb2 32. Ke1 R8b4 33. Kd1 Na5 34. Rc2 Kf7 35. Kc1 Rxc2+ 36. Kxc2 Ke6 37. Kc3 Rb7 38. Rb1 Rxb1 39. Nxb1 Kf5 40. Kb4 Nb3 41. Nc3 Nc1 42. Nxd5 Ke4 43. Kxc4 Nd3 44. Nxf6+ 1-0


[Site "https://www.chess.com"]

[Event "Titled Tuesday Blitz March 22 Late 2022"]
[White "Tan, Jun Ying"]
[Black "Schuster, Karsten"]
[WhiteFideId "5710413"]
[BlackFideId "4611071"]
[WhiteElo "1827"]
[BlackElo "2367"]
[Result "1-0"]
[Round "10"]
[TimeControl "180+1"]
[Date "2022.03.22"]
[WhiteClock "0:00:18"]
[BlackClock "0:00:05"]

1. d4 d5 2. c4 c6 3. Nf3 Nf6 4. Nc3 a6 5. c5 Bg4 6. Ne5 Bf5 7. Bf4 Nbd7 8. h3 Nxe5 9. Bxe5 Nd7 10. Bh2 e5 11. e3 Be7 12. Be2 O-O 13. O-O exd4 14. exd4 Bf6 15. b4 Re8 16. Bg4 Bxg4 17. Qxg4 Nf8 18. Rae1 Qd7 19. Be5 Qxg4 20. hxg4 Bxe5 21. Rxe5 Rxe5 22. dxe5 g5 23. g3 a5 24. Rb1 Nd7 25. f4 gxf4 26. gxf4 axb4 27. Rxb4 Nxc5 28. a4 Kg7 29. Kf1 Ra7 30. Ke2 Kg6 31. f5+ Kg5 32. Ke3 Nd7 33. e6 fxe6 34. fxe6 Nf6 35. e7 Ra8 36. Rxb7 d4+ 37. Kxd4 Re8 38. Kc5 Nxg4 39. Kxc6 h5 40. Ne4+ Kf5 41. Nd6+ Ke6 42. Nxe8 Ne5+ 43. Kb5 Kf7 44. Nd6+ Kg7 45. e8=Q+ 1-0


[Site "https://www.chess.com"]

[Event "Titled Tuesday Blitz March 22 Late 2022"]
[White "Terletsky, Oleg"]
[Black "Van den Dikkenberg, Erik"]
[WhiteFideId "14116774"]
[BlackFideId "1005880"]
[WhiteElo "2064"]
[BlackElo "2118"]
[Result "1-0"]
[Round "10"]
[TimeControl "180+1"]
[Date "2022.03.22"]
[WhiteClock "0:00:08"]
[BlackClock "0:00:05"]

1. e4 c5 2. Nf3 d6 3. d4 cxd4 4. Nxd4 Nf6 5. Nc3 a6 6. Bc4 e6 7. O-O Be7 8. Qf3 O-O 9. Qg3 Nc6 10. Be3 Ne5 11. Be2 Bd7 12. f4 Nc6 13. e5 Nd5 14. Nxd5 exd5 15. Bd3 Bh4 16. Qf3 dxe5 17. Nxc6 Bxc6 18. fxe5 d4 19. Bxh7+ Kxh7 20. Qh5+ Kg8 21. Rad1 Qd5 22. Rd2 Be7 23. Bxd4 Bc5 24. c3 Bxd4+ 25. cxd4 f6 26. Rf3 Qc4 27. Rh3 Qc1+ 28. Rd1 Qh6 29. Qg4 Qg5 30. Qe6+ Rf7 31. Rg3 Qf4 32. d5 Re8 33. Qd6 Bb5 34. e6 Rfe7 35. Qxf4 1-0


[Site "https://www.chess.com"]

[Event "Titled Tuesday Blitz March 22 Late 2022"]
[White "Thavandiran, Shiyam"]
[Black "Villegas, Pierre"]
[WhiteFideId "2605058"]
[BlackFideId "654183"]
[WhiteElo "2357"]
[BlackElo "2395"]
[Result "1-0"]
[Round "10"]
[TimeControl "180+1"]
[Date "2022.03.22"]
[WhiteClock "0:00:04"]
[BlackClock "0:00:09"]

1. e4 c6 2. d4 d5 3. Nd2 dxe4 4. Nxe4 Bf5 5. Ng3 Bg6 6. c3 Nf6 7. Nh3 e6 8. Nf4 Bd6 9. Bc4 Qc7 10. Qf3 O-O 11. Nxg6 hxg6 12. Bg5 Nbd7 13. h4 c5 14. dxc5 Qxc5 15. Bb3 a5 16. Bc2 a4 17. a3 Qe5+ 18. Ne2 Nb6 19. Bd3 Rac8 20. Bf4 Qc5 21. Be3 Qc7 22. Nd4 Nc4 23. Nb5 Qe7 24. Nxd6 Qxd6 25. Bxc4 Rxc4 26. Qxb7 Rb8 27. Qf3 Rxb2 28. Rd1 Qe5 29. h5 gxh5 30. Kf1 Qxc3 31. Rd8+ Kh7 32. Rxh5+ Kg6 33. Rg5+ Kh7 34. Qh3+ 1-0


[Site "https://www.chess.com"]

[Event "Titled Tuesday Blitz March 22 Late 2022"]
[White "Tregubov, Pavel V."]
[Black "Bryakin, Mikhail"]
[WhiteFideId "4115341"]
[BlackFideId "4165314"]
[WhiteElo "2341"]
[BlackElo "2417"]
[Result "1-0"]
[Round "10"]
[TimeControl "180+1"]
[Date "2022.03.22"]
[WhiteClock "0:01:04"]
[BlackClock "0:00:08"]

1. e4 c5 2. Nf3 d6 3. Bb5+ Bd7 4. Bxd7+ Qxd7 5. O-O Nc6 6. c3 g6 7. d4 cxd4 8. cxd4 Bg7 9. Nc3 e6 10. Re1 Nge7 11. d5 Ne5 12. Nxe5 Bxe5 13. Bh6 O-O-O 14. Rc1 Kb8 15. Qd3 Rc8 16. Qf3 exd5 17. exd5 Qf5 18. Qe3 Bxc3 19. Rxc3 Nxd5 20. Rxc8+ Rxc8 21. Qd4 g5 22. g4 Qf3 23. Qe4 Qxe4 24. Rxe4 Nf4 25. h4 d5 26. Re7 Ng6 27. Rxf7 Nxh4 28. Bxg5 Ng6 29. Rxh7 Rc2 30. Rg7 Nf8 31. Rg8 Rc8 32. Bf4+ Ka8 33. Bd6 1-0


[Site "https://www.chess.com"]